 Dungeon Crawl Stone Soup version 0.19-a0-1540-g35a11b8 (webtiles) character file.

163 MackTheKnife the Insei (level 5, 0/45 HPs)
             Began as a Draconian Monk on Sept 14, 2016.
             Slain by Grinder (2 damage)
             ... on level 3 of the Dungeon.
             The game lasted 00:03:50 (2105 turns).

MackTheKnife the Insei (Draconian Monk)             Turns: 2105, Time: 00:03:50

Health: 0/45       AC:  5    Str: 15    XL:     5   Next: 20%
Magic:  5/5        EV: 18    Int: 15    God:
Gold:   62         SH:  0    Dex: 20    Spells: 0 memorised, 4 levels left

rFire  . . .     SeeInvis .       - Unarmed
rCold  . . .     Gourm    .     (armour unavailable)
rNeg   . . .     Faith    .     (no shield)
rPois  .         Spirit   .     (helmet restricted)
rElec  +         Dismiss  .     (no cloak)
rCorr  .         Reflect  .     (no gloves)
MR     .....     Harm     .     (no boots)
Stlth  +++.......               (no amulet)
                                (no ring)
                                o - +5 ring of intelligence

@: agile, very slightly contaminated, invisible
A: unfitting armour, electricity resistance, strong 1, cold-blooded, AC +5
a: no special abilities


You were on level 3 of the Dungeon.
You were very hungry.

You visited 1 branch of the dungeon, and saw 3 of its levels.

You collected 152 gold pieces.
You spent 90 gold pieces at shops.

Inventory:

Hand Weapons
 c - a +1 dagger of speed
   (You took it off a goblin on level 1 of the Dungeon)
Jewellery
 o - a +5 ring of intelligence (left hand)
   (You found it on level 2 of the Dungeon)
Wands
 n - a wand of confusion (41/48)
   (You found it on level 2 of the Dungeon)
Scrolls
 b - a scroll of recharging
 h - a scroll of amnesia
 j - a scroll of fog
 k - a scroll of blinking {unknown}
 l - 2 scrolls of remove curse
 p - a scroll of enchant armour {unknown}
 q - a scroll of magic mapping {unknown}
 r - a scroll of fear {unknown}
Potions
 d - 2 potions of curing
 f - a potion of agility
 i - a potion of heal wounds
Comestibles
 a - 5 bread rations {@e1}
 g - a meat ration {@e2}
 m - a slice of pizza


   Skills:
 - Level 3.2 Fighting
 - Level 2.6 Dodging
 - Level 1.7 Stealth
 + Level 6.0 Unarmed Combat


You had 4 spell levels left.
You didn't know any spells.

Dungeon Overview and Level Annotations

Branches:
Dungeon (3/15)

Altars:
Elyvilon
Yredelemnul
Zin

Annotations:
D:3 Grinder


Innate Abilities, Weirdness & Mutations

Your plain brown scales are hard. (AC +5)
Your body does not fit into most forms of armour.
You are cold-blooded and may be slowed by cold attacks.
You are resistant to electric shocks. (rElec)
Your muscles are strong. (Str +2)


Message History

You kill the hobgoblin!
A goblin comes into view. It is wielding a club.
The goblin barely misses you.
A hobgoblin comes into view. It is wielding a club.
Items here: ))) †††† You barely miss the goblin.
The goblin shouts!
The hobgoblin shouts!
You tail-slap the goblin.
You kill the goblin!
A goblin and a hobgoblin come into view.
The hobgoblin shouts!
A hobgoblin comes into view. It is wielding a club.
Things that are here:
a dagger; a hunting sling; 17 stones Grinder and Robin come into view.
The goblin hits you with a club. The hobgoblin hits you with a club.
There is an open door here.
You closely miss the goblin. The goblin completely misses you.
Robin shouts!
The hobgoblin shouts!
The goblin shouts!
Grinder shouts!
The adder hisses angrily.
You hit the goblin.
You kill the goblin!
You have reached level 5!
The hobgoblin hits you with a club.
You take 1 damage, and have 37/45 hp.
MP restored: 5
Things that are here:
a dagger; a hunting sling; 17 stones
Items here: ))) †††† You hit the hobgoblin but do no damage.
You punch the hobgoblin.
The hobgoblin hits you but does no damage.
You hit the hobgoblin.
You kill the hobgoblin!
You hit the hobgoblin but do no damage. You punch the hobgoblin.
The hobgoblin hits you.
You take 1 damage, and have 37/45 hp.
You hit the hobgoblin.
You kill the hobgoblin!
Okay, then.
Unknown command.
You hit the hobgoblin. The hobgoblin closely misses you.
You hit the hobgoblin but do no damage. The hobgoblin closely misses you.
You hit the hobgoblin.
You kill the hobgoblin!
You fade into invisibility!
The goblin completely misses you.
Grinder blinks!
You are very lightly contaminated with residual magic.
You closely miss the goblin. You tail-slap the goblin.
The goblin barely misses you.
You catch the helpless goblin completely off-guard!
You punch the goblin!
You kill the goblin!
The adder misses you.
You closely miss the adder. The adder closely misses you.
You catch the helpless adder completely off-guard!
You hit the adder. Your punch misses the adder. The adder misses you.
You strike the helpless adder from behind!
You punch the adder!
You kill the adder!
You closely miss Robin.
Robin says, "Kneel, worm!"
Robin closely misses you.
You hit Robin. You punch Robin, but do no damage. Robin closely misses you.
You hit Robin.
Your tail-slap misses Robin.
Robin closely misses you.
You are feeling very hungry.
You barely miss Robin.
Your tail-slap misses Robin.
You strike the helpless Robin from behind!
You punch Robin! Robin barely misses you.
You punch Robin!
You kill Robin!
Your Unarmed Combat skill increases to level 6!
You closely miss Grinder.
Your tail-slap misses Grinder.
Grinder hits you!
You writhe in agony.
You take 14 damage, and have 25/45 hp.
MASSIVE DAMAGE!!
You hit Grinder. Grinder hits you.
You writhe in agony.
You take 7 damage, and have 18/45 hp.
You closely miss Grinder.
Your tail-slap misses Grinder.
You punch Grinder.
Unknown command.
You barely miss Grinder. Grinder hits you but does no damage.
You closely miss Grinder. Grinder hits you but does no damage.
You feel agile all of a sudden. Grinder gestures at you.
You suddenly lose the ability to move!
Grinder blinks!
You can move again.
Unknown command.
Unknown command.
Unknown command.
Unknown command.
A goblin comes into view. It is wielding a club.
Grinder hits you!
* * * LOW HITPOINT WARNING * * *
The goblin moves out of view.
Items here: ( )))))) [[ †† You take 8 damage, and have 12/45 hp.
You hit Grinder. Grinder hits you!
* * * LOW HITPOINT WARNING * * *
You writhe in agony.
You die...

#.....# #.# ###...######
#.# #.#......###.########
##.#..###..##)#....$..
####.#..##⌠##.##.#.......
....###..#_#..##.#.......
.###.#.......###.#......≈
.# ##.........##)#.$.....
.# #^....∩...##@#......)
.# #.##.....###.5)..≈.%≈
.####.##....######.?....$
.......#.#.......#[......
.####....#.#######......≈
.####..#.#.# .......
.........#.# .......
.#.###.###.# .......
.#.###.###.# #######


You could see Grinder.

Vanquished Creatures
  Robin (D:3)
  4 gnolls (D:3)
  3 adders
  2 oozes
  A worm (D:2)
  A dart slug (D:2)
  4 giant geckos
  A giant cockroach (D:3)
  16 goblins
  10 hobgoblins
  2 quokkas
  8 bats
  5 giant newts
  8 kobolds
  3 rats
69 creatures vanquished.

Notes
Turn   | Place    | Note
-------+----------+-------------------------------------------
     0 | D:1      | MackTheKnife the Draconian Monk began the quest for the Orb.
     0 | D:1      | Reached XP level 1. HP: 19/19 MP: 1/1
   161 | D:1      | Reached XP level 2. HP: 21/26 MP: 2/2
   409 | D:1      | Reached skill level 4 in Unarmed Combat
   648 | D:1      | Reached XP level 3. HP: 26/31 MP: 3/3
   970 | D:2      | Found a white marble altar of Elyvilon.
  1331 | D:2      | Found a basalt altar of Yredelemnul.
  1596 | D:3      | Reached skill level 5 in Unarmed Combat
  1596 | D:3      | Reached XP level 4. HP: 37/38 MP: 4/4
  1801 | D:3      | Gained mutation: Your muscles are strong. (Str +2) [potion of beneficial mutation]
  1802 | D:3      | Gained mutation: You are resistant to electric shocks. (rElec) [potion of beneficial mutation]
  1877 | D:3      | Found Zin's Purification Station.
  1899 | D:3      | Found a glowing silver altar of Zin.
  1904 | D:3      | Bought a potion of curing for 90 gold pieces
  2069 | D:3      | Noticed Robin
  2069 | D:3      | Noticed Grinder
  2071 | D:3      | Reached XP level 5. HP: 39/45 MP: 5/5
  2092 | D:3      | Killed Robin
  2092 | D:3      | Reached skill level 6 in Unarmed Combat
  2098 | D:3      | Paralysed by Grinder for 6 turns
  2105 | D:3      | HP: 2/45 [Grinder (10)]
  2105 | D:3      | Slain by Grinder

Vault maps used:
D:1:      saegor_arrival_simple_a
D:2:      kennysheep_ying_yang, minmay_goblin_outpost
D:3:      zin_purify, kennysheep_generic_room_2, uniq_crazy_yiuf_cottage,
          uniq_robin, uniq_grinder

Skill      XL: |  1  2  3  4  5 |
---------------+----------------+-----
Unarmed Combat | 4 5 6 |  6.0
Fighting       | |  3.2
Dodging        | |  2.6
Stealth        | |  1.7

Action                   |  1- 3 |  4- 6 || total
-------------------------+-------+-------++-------
Melee: Unarmed           |   137 |    95 ||   232
       Punch             |     5 |     5 ||    10
       Tailslap          |    10 |    11 ||    21
  Use: Potion            |     3 |     4 ||     7
       Scroll            |       |     7 ||     7
 Stab: Sleeping          |     7 |       ||     7
       Invisible         |       |     4 ||     4
  Eat: Chunk             |     1 |     2 ||     3
Armor: Skin              |    25 |    21 ||    46
Dodge: Dodged            |    97 |    54 ||   151

Vault maps used:
D:1:      saegor_arrival_simple_a
D:2:      kennysheep_ying_yang, minmay_goblin_outpost
D:3:      zin_purify, kennysheep_generic_room_2, uniq_crazy_yiuf_cottage,
          uniq_robin, uniq_grinder

Table legend:
 A = Turns spent in this place as a percentage of turns spent in the entire game.
 B = Non-inter-level travel turns spent in this place as a percentage of non-inter-level travel turns spent in the entire game.
 C = Inter-level travel turns spent in this place as a percentage of turns spent in this place.
 D = Turns resting spent in this place as a percentage of non-inter-level travel turns spent in this place.
 E = Turns spent auto-exploring this place as a percentage of non-inter-level travel turns spent in this place.
 F = Non-inter-level travel turns spent in this place divided by the number of levels of this place that you've seen.
                   A       B       C       D       E      F
               +-------+-------+-------+-------+-------+----------------------
         Total | 100.0 | 100.0 |   0.1 |   0.7 |  10.3 | 282.0
       Dungeon | 100.0 | 100.0 |   0.1 |   0.7 |  10.3 | 282.0
               +-------+-------+-------+-------+-------+----------------------

Table legend:
 A = Kills in this place as a percentage of kills in entire the game.
 B = Kills by you in this place as a percentage of kills by you in the entire game.
 C = Kills by friends in this place as a percentage of kills by friends in the entire game.
 D = Other kills in this place as a percentage of other kills in the entire game.
 E = Experience gained in this place as a percentage of experience gained in the entire game.
 F = Experience gained in this place divided by the number of levels of this place that you have seen.
                   A       B       C       D       E      F
               +-------+-------+-------+-------+-------+----------------------
         Total | 100.0 | 100.0 |  -nan |  -nan | 100.0 |  77.7
       Dungeon | 100.0 | 100.0 |  -nan |  -nan | 100.0 |  77.7
               +-------+-------+-------+-------+-------+----------------------
